 Dungeon Crawl Stone Soup version 0.15-a0-368-g875a5fb (webtiles) character file.

127 4tharraofdagon the Skirmisher (level 4, -1/33 HPs)
             Began as a Demonspawn Wanderer on May 4, 2014.
             Killed from afar by an orc wizard (6 damage)
             ... with a puff of flame
             ... on Level 3 of the Dungeon.
             The game lasted 00:05:09 (973 turns).

4tharraofdagon the Skirmisher (Demonspawn Wanderer)  Turns: 973, Time: 00:05:09

HP  -1/33        AC 10     Str 14      XL: 4   Next: 28%
MP   5/5         EV  8     Int 14      God:
Gold 40          SH  4     Dex 13      Spells:  0 memorised,  3 levels left

rFire  . . .     SeeInvis .       - Unarmed
rCold  . . .     Clarity  .     a - +0 scale mail
rNeg   . . .     Conserve .     (no shield)
rPois  .         rCorr    .     (helmet restricted)
rElec  .         rRot     .     g - +0 cloak
SustAb . .       Spirit   .     (no gloves)
rMut   .         Warding  .     (no boots)
Saprov . . .     Stasis   .     (no amulet)
MR     .....                    (no ring)
                                (no ring)

@: not resistant to hostile enchantments, extremely unstealthy
A: horns 1, large bone plates 2, frail 1, strong 1
a: no special abilities


You were on level 3 of the Dungeon.
You were hungry.

You visited 1 branch of the dungeon, and saw 4 of its levels.

You collected 40 gold pieces.

Inventory:

Hand weapons
 b - a +0,+0 spear
 c - a +0,+0 dagger
 n - a +0,+2 dagger of holy wrath
Missiles
 l - 16 darts (quivered)
 m - 22 sling bullets
Armour
 a - a +0 scale mail (worn)
 g - a +0 cloak (worn)
Comestibles
 d - 2 bread rations
 f - 2 pears
 k - an orange
Scrolls
 e - a scroll of immolation {unknown}
 h - 2 scrolls of teleportation {unknown}
 i - 3 scrolls of remove curse {unknown}
 j - 3 scrolls of identify {unknown}
 o - a scroll of random uselessness {unknown}
Jewellery
 p - a +4 ring of intelligence {unknown}


   Skills:
 - Level 4.2 Fighting
 - Level 2.0 Armour
 - Level 1.7 Stealth
 * Level 3.2 Unarmed Combat
   Level 2.4 Invocations


You had 3 spell levels left.
You didn't know any spells.

Dungeon Overview and Level Annotations

Branches:
Dungeon (4/15)
 Temple: D:4-7

Altars:
Fedhas
Xom

Annotations:
D:4 4tharraofdagon's ghost, weakling DsWn


Innate Abilities, Weirdness & Mutations

You are mostly covered in large bone plates (AC +3, SH +4).
You have a pair of small horns on your head.
You are frail (-10% HP).
Your muscles are strong. (Str +2)


Message History

The orc wizard is almost dead.
The orc wizard barely misses you.
The quokka bites you but does no damage.
The orc wizard hits you but does no damage.
You closely miss the orc wizard.
The orc wizard is almost dead.
The orc wizard hits you but does no damage.
The quokka closely misses you.
You hit the orc wizard but do no damage.
The orc wizard is almost dead.
The orc wizard hits you with a short sword.
* * * LOW HITPOINT WARNING * * *
The quokka bites you but does no damage.
You closely miss the orc wizard.
The orc wizard is almost dead.
The orc wizard hits you but does no damage.
The quokka bites you but does no damage.
The orc wizard points at you and mumbles some strange words.
The puff of flame hits you!
You die...

#.......##.# ...
#.......##.# #.#
#.......##.# #.#
##..#...##.# #.#
#..#...##.#####.####
##..######..........#
.......###..........#
######.#.......r....#
..##.%.###.#####@####
#.######..[o...#o#
..##...#.....o..o#
######.#.......###
.......#.......#
##.[####.......# #..#
#.......># ##..#
#........# #...#
##.#.#####


You could see an orc wizard, an orc and a quokka.

Vanquished Creatures
  Jessica (D:3)
  2 adders (D:3)
  A giant mite (D:1)
  A worm (D:3)
  A giant eyeball (D:4)
  4 orcs
  4 bats
  A giant cockroach (D:4)
  3 goblins
  4 hobgoblins
  3 jackals
  A quokka (D:2)
  A ball python (D:1)
  2 giant newts (D:3)
  3 kobolds
32 creatures vanquished.

Notes
Turn   | Place    | Note
--------------------------------------------------------------
     0 | D:1      | 4tharraofdagon, the Demonspawn Wanderer, began the quest for the Orb.
     0 | D:1      | Reached XP level 1. HP: 19/19 MP: 1/1
    62 | D:1      | Reached skill level 1 in Unarmed Combat
    62 | D:1      | Gained mutation: You are partially covered in large bone plates (AC +2, SH +2). [demonic ancestry]
    62 | D:1      | Reached XP level 2. HP: 13/25 MP: 2/2
   157 | D:1      | Gained mutation: Your muscles are strong. (Str +2) [potion of mutation]
   157 | D:1      | Gained mutation: You have a pair of small horns on your head. [potion of mutation]
   157 | D:1      | Gained mutation: You are frail (-10% HP). [potion of mutation]
   388 | D:2      | Found a shimmering altar of Xom.
   481 | D:3      | Gained mutation: You are mostly covered in large bone plates (AC +3, SH +4). [demonic ancestry]
   481 | D:3      | Reached XP level 3. HP: 15/27 MP: 4/4
   578 | D:3      | Noticed Jessica
   615 | D:3      | Killed Jessica
   615 | D:3      | Reached XP level 4. HP: 9/33 MP: 5/5
   706 | D:3      | Found a blossoming altar of Fedhas.
   834 | D:4      | Paralysed by a giant eyeball for 4 turns
   868 | D:4      | Noticed 4tharraofdagon's ghost (weakling DsWn)
   973 | D:3      | Killed from afar by an orc wizard

Action                   |  1- 3 |  4- 6 || total
-------------------------+-------+-------++-------
Melee: Spear             |   107 |    47 ||   154
       Unarmed           |    13 |    27 ||    40
  Use: Potion            |     4 |       ||     4
